 Dungeon Crawl Stone Soup version 0.29.1-1-gd02db6906a (webtiles) character file.

Game seed: 6387823446970895775

193 hawla the Conjurer (level 5, -1/34 HPs)
             Began as a Draconian Conjurer on Oct 7, 2022.
             Slain by a kobold brigand
             ... wielding a +0 whip
              (2 damage)
             ... in a sewer.
             The game lasted 00:07:40 (2390 turns).

hawla the Conjurer (Draconian Conjurer)             Turns: 2390, Time: 00:07:41

Health: -1/34      AC:  5    Str: 13    XL:     5   Next: 44%
Magic:  0/9        EV: 12    Int: 20    God:
Gold:   27         SH:  0    Dex: 14    Spells: 2/9 levels left

rFire   + . .      SeeInvis .   (no weapon)
rCold   . . .      Faith    .   (no shield)
rNeg    . . .      Spirit   .   (body armour unavailable)
rPois   .          Reflect  .   (helmet restricted)
rElec   .          Harm     .   (no cloak)
rCorr   .          Rampage  .   (no gloves)
Will    .....                   (no boots)
Stlth   ++........              (no amulet)
HPRegen 0.11/turn               e - +6 ring of dexterity
MPRegen 0.11/turn               d - ring of protection from fire

@: no status effects
A: AC +5, unfitting armour, cold-blooded, frail 1, strong 1, MP-powered wands
a: no special abilities


You were in a sewer.
You visited 1 branch of the dungeon, and saw 4 of its levels.
You also visited: Sewer.

You collected 27 gold pieces.

Inventory:

Missiles
 b - a curare-tipped dart
 f - 4 poisoned darts
 i - 3 atropa-tipped darts
Jewellery
 d - a ring of protection from fire (right hand)
 e - a +6 ring of dexterity (left hand)
 j - a ring of see invisible


   Skills:
 - Level 0.2 Fighting
 - Level 2.4 Dodging
 - Level 1.7 Stealth
 - Level 2.7 Spellcasting
 + Level 5.7 Conjurations
 * Level 1.7 Translocations


You had 2 spell levels left.
You knew the following spells:

 Your Spells              Type           Power      Damage    Failure   Level
a - Magic Dart            Conj           100%       1d8       1%          1
b - Searing Ray           Conj           50%        2d6       2%          2
c - Iskenderun's Mystic   Conj/Tloc      17%        2d5       30%         4

Your spell library contained the following spells:

 Spells                   Type           Power      Damage    Failure   Level
 Foxfire                  Conj/Fire      56%        2x1d6     4%          1
 Conjure Flame            Conj/Fire      14%        6-21      14%         3
 Dazzling Flash           Conj/Hex       28%        N/A       14%         3
 Inner Flame              Hex/Fire       2%         N/A       41%         3
 Flame Wave               Conj/Fire      14%        2d6       41%         4
 Fulminant Prism          Conj/Hex       7%         3d7       41%         4


Dungeon Overview and Level Annotations

Branches:
Dungeon (4/15)              Sewer (1/1)
 Temple: D:4-7

Altars:
Nemelex Xobeh
Xom

Annotations:
D:2 Robin


Innate Abilities, Weirdness & Mutations

Your plain brown scales are hard. (AC +5)
You cannot fit into any form of body armour.
You are cold-blooded and may be slowed by cold attacks.
You are frail. (-10% HP)
Your muscles are strong. (Str +4, Int/Dex -1)
You expend magic power (3 MP) to strengthen your wands.


Message History

The kobold brigand hits you but does no damage.
The searing ray misses the kobold brigand.
The kobold brigand hits you with a +0 whip.
The searing ray hits the kobold brigand.
The kobold brigand is heavily wounded.
The kobold brigand misses you.
The searing ray hits the kobold brigand.
The kobold brigand is heavily wounded.
You finish channelling your searing ray.
The kobold brigand misses you.
You hit the kobold brigand but do no damage.
The kobold brigand is heavily wounded.
The kobold brigand hits you with a +0 whip.
You hit the kobold brigand.
The kobold brigand is severely wounded.
The kobold brigand hits you with a +0 whip.
You hit the kobold brigand but do no damage.
You tail-slap the kobold brigand, but do no damage.
The kobold brigand is severely wounded.
The kobold brigand hits you with a +0 whip.
You barely miss the kobold brigand.
The kobold brigand is severely wounded.
The kobold brigand hits you with a +0 whip.
* * * LOW HITPOINT WARNING * * *
You hit the kobold brigand.
The kobold brigand is severely wounded.
The kobold brigand hits you with a +0 whip.
* * * LOW HITPOINT WARNING * * *
Casting: Searing Ray (safe; 2% risk of failure)
Confirm with . or Enter, or press ? or * to list all spells.
Aiming: Magic Dart (safe; 1% risk of failure)
Press: ? - help, Shift-Dir - straight line, f/p - kobold brigand
Aim: a kobold brigand, wielding a +0 whip and quivering poisoned darts (severely wounded, 100% to hit)
The magic dart hits the kobold brigand.
The kobold brigand is severely wounded.
The kobold brigand hits you with a +0 whip.
* * * LOW HITPOINT WARNING * * *
It was a potion of cancellation.
You feel magically purged.
The kobold brigand hits you with a +0 whip.
You die...

## ### .####.###
........#####
....P.......###
..†..........P#
.........P....#######
...............#!...#
......~~~...~~.'@K..#
...~~~~~~....~~'.)∩.#
P..P~~~~P~~.~~~#....#
######~##############
~ ~~~ ≈ ≈≈


You could see a kobold brigand.

Vanquished Creatures
  A kobold brigand (Sewer)
  Natasha (D:2)
  5 adders
  A dart slug (D:1)
  3 ball pythons (D:1)
  7 bats
  7 endoplasms
  3 giant cockroaches
  5 goblins
  3 hobgoblins (D:1)
  A quokka (D:1)
  4 frilled lizards (D:1)
  11 kobolds
  3 rats
55 creatures vanquished.

Vanquished Creatures (others)
  3 plants (Sewer)
3 creatures vanquished.

Grand Total: 58 creatures vanquished

Notes
Turn   | Place    | Note
-------+----------+-------------------------------------------
     0 | D:1      | hawla the Draconian Conjurer began the quest for the Orb.
     0 | D:1      | Reached XP level 1. HP: 14/14 MP: 3/3
   190 | D:1      | Reached XP level 2. HP: 16/20 MP: 0/5
   520 | D:1      | Found a faded altar of an unknown god.
  1044 | D:1      | Learned a level 2 spell: Searing Ray
  1085 | D:1      | Reached XP level 3. HP: 26/26 MP: 3/6
  1624 | D:2      | Gained mutation: You are frail. (-10% HP) [potion of
                  | mutation]
  1624 | D:2      | Gained mutation: You have hidden genetic potential. [potion
                  | of mutation]
  1761 | D:2      | Noticed Natasha
  1766 | D:2      | Killed Natasha
  1767 | D:2      | Reached XP level 4. HP: 24/29 MP: 1/8
  1767 | D:2      | Noticed Robin
  1767 | D:2      | Gained mutation: Your muscles are strong. (Str +4, Int/Dex
                  | -1) [hidden potential]
  1780 | D:3      | Found a sparkling altar of Nemelex Xobeh.
  1782 | D:3      | Reached skill level 5 in Conjurations
  1788 | D:3      | Found a shimmering altar of Xom.
  1814 | D:4      | Learned a level 4 spell: Iskenderun's Mystic Blast
  1905 | D:4      | Found a glowing drain.
  1937 | Sewer    | Entered a sewer
  2030 | Sewer    | Noticed a kobold brigand
  2040 | Sewer    | Killed a kobold brigand
  2041 | Sewer    | Reached skill level 1 in Translocations
  2041 | Sewer    | Reached XP level 5. HP: 18/34 MP: 1/9
  2065 | Sewer    | Gained mutation: You expend magic power (3 MP) to
                  | strengthen your wands. [hidden potential]
  2065 | Sewer    | Lost mutation: You have hidden genetic potential. [hidden
                  | potential expressed]
  2389 | Sewer    | HP: 1/34 [kobold brigand/+0 whip (5)]
  2390 | Sewer    | Slain by a kobold brigand

Illustrated notes

Levels and vault maps discovered:
D:1:      amcnicky_arrival_wind_blow, layout_basic, serial_curves,
          eino_curves_02, eino_curves_02, shapermc_ecumenical_altar_petra
D:2:      minmay_spotlight, layout_basic, serial_glass, glass_columns_b,
          glass_columns_a, glass_columns_a, glass_columns_a, glass_columns_b,
          glass_columns_b, minmay_strange_pillars, minmay_strange_pillars,
          due_unseen_surprise, uniq_natasha, uniq_robin
D:3:      layout_basic, grunt_temple_overflow_open
D:4:      layout_loops_corners, yredelemnul_forgotten_temple_becter,
          gup_sewer_entry_glass
Sewer:    kennysheep_pipe_town

Skill      XL: |  1  2  3  4 |
---------------+-------------+-----
Dodging        | 2 |  2.4
Conjurations   | 5 |  5.7
Translocations | 1 |  1.7
Fighting       | |  0.2
Stealth        | |  1.7
Spellcasting   | |  2.7

Action                   |  1- 3 |  4- 6 || total
-------------------------+-------+-------++-------
Melee: Unarmed           |    37 |    25 ||    62
       Tailslap          |     5 |     5 ||    10
 Cast: Magic Dart        |    46 |    12 ||    58
       Searing Ray       |    10 |    10 ||    20
       Iskenderun's Myst |       |     2 ||     2
  Use: Scroll            |     2 |     5 ||     7
       Potion            |     1 |     4 ||     5
Armor: Skin              |    28 |    27 ||    55
Dodge: Dodged            |    46 |    54 ||   100
